 Dungeon Crawl Stone Soup version 0.22-a0-800-g058c00f (webtiles) character file.

11323 zishaf the Fighter (level 11, -8/87 HPs)
             Began as a Barachi Fire Elementalist on July 21, 2018.
             Was a High Priest of Cheibriados.
             Mangled by a komodo dragon (32 damage)
             ... on level 2 of the Lair of Beasts.
             The game lasted 00:40:03 (13170 turns).

zishaf the Fighter (Barachi Fire Elementalist)     Turns: 13170, Time: 00:40:04

Health: -8/87      AC:  8    Str: 24    XL:     11   Next: 75%
Magic:  17/20      EV: 15    Int: 30    God:    Cheibriados [*****.]
Gold:   672        SH:  8    Dex: 23    Spells: 12/23 levels left

rFire    . . .     SeeInvis +   y - +4 long sword (freeze)
rCold    + . .     Gourm    .   G - +2 buckler
rNeg     . . .     Faith    .   B - +1 robe of Kleptomania {*Slow rElec rC+ MR+++}
rPois    .         Spirit   .   (no helmet)
rElec    +         Reflect  .   f - +2 cloak {+Inv}
rCorr    .         Harm     .   d - +0 pair of gloves
MR       ++...                  C - +0 pair of boots "Fyitz" {rElec MR- Regen+ SInv}
Stlth    ++........             U - amulet of magic regeneration
HPRegen  0.64/turn              R - ring of attention
MPRegen  0.42/turn              g - +3 ring of strength

@: can't hop, very slow
A: +LOS, swims, slowness 1, strong legs 1
a: Hop, Bend Time, Temporal Distortion, Slouch, Step From Time, Renounce
Religion, Evoke Invisibility


You were on level 2 of the Lair of Beasts.
You worshipped Cheibriados.
Cheibriados was extremely pleased with you.
You were not hungry.

You visited 3 branches of the dungeon, and saw 14 of its levels.

You collected 672 gold pieces.

Inventory:

Hand Weapons
 y - a +4 long sword of freezing (weapon)
 D - a +0 blowgun
Missiles
 E - 33 poisoned needles
Armour
 d - a +0 pair of gloves (worn)
 f - a +2 cloak of invisibility (worn)
 B - the +1 robe of Kleptomania (worn) {*Slow rElec rC+ MR+++}
   (You found it on level 4 of the Dungeon)

   It protects you from cold.
   It insulates you from electricity.
   It affects your resistance to hostile enchantments.
   It may slow you when you take damage.
 C - the +0 pair of boots "Fyitz" (worn) {rElec MR- Regen+ SInv}
   (You found it on level 7 of the Dungeon)

   It insulates you from electricity.
   It affects your resistance to hostile enchantments.
   It lets you see invisible.
   It increases your rate of regeneration.
 F - a +0 robe of the Archmagi
 G - a +2 buckler (worn)
 Q - the cursed +0 ring mail "Yfrapnan" {+Blink MR+ Regen+ Str-4, unknown}
   (You found it on level 10 of the Dungeon)

   It affects your strength (-4).
   It affects your resistance to hostile enchantments.
   It lets you blink.
   It increases your rate of regeneration.
   It has a curse placed upon it.
Magical Staves
 K - an uncursed staff of death {unknown}
Jewellery
 g - a +3 ring of strength (right hand)
 J - an uncursed ring of positive energy
 R - a ring of attention (left hand)
 U - an amulet of magic regeneration (around neck)
Wands
 a - a wand of acid (5)
 p - a wand of enslavement (31)
 r - a wand of digging (36)
 s - a wand of flame (75)
 v - a wand of random effects (87)
 O - a wand of iceblast (15)
Scrolls
 h - 2 scrolls of fog {unknown}
 i - 6 scrolls of teleportation {unknown}
 l - a scroll of amnesia
 m - 4 scrolls of remove curse
 q - 3 scrolls of fear
 u - a scroll of magic mapping {unknown}
 x - 4 scrolls of enchant armour {unknown}
 H - a scroll of noise {unknown}
 I - a scroll of random uselessness {unknown}
 N - 3 scrolls of identify
 S - a scroll of holy word {unknown}
Potions
 b - 7 potions of curing
 e - 3 potions of invisibility {unknown}
 j - a potion of mutation
 k - 2 potions of heal wounds
 n - a potion of agility
 o - a potion of cancellation
 t - 2 potions of haste {unknown}
 w - 2 potions of might {unknown}
 z - 3 potions of ambrosia {unknown}
 A - 2 potions of brilliance
 L - a potion of magic
 M - a potion of flight {unknown}
 P - 2 potions of berserk rage {unknown}
Comestibles
 c - 22 rations


   Skills:
 + Level 8.8 Fighting
 - Level 7.0 Long Blades
 - Level 4.0 Dodging
 + Level 3.8 Stealth
 - Level 4.8 Shields
 * Level 6.5 Spellcasting
 - Level 7.0 Conjurations
 - Level 3.0 Hexes
 - Level 8.3 Fire Magic
 + Level 4.4 Invocations
 - Level 7.0 Evocations


You had 12 spell levels left.
You knew the following spells:

 Your Spells              Type           Power        Failure   Level  Hunger
a - Flame Tongue          Conj/Fire      #####        1%          1    None
b - Throw Flame           Conj/Fire      ######       1%          2    None
c - Fireball              Conj/Fire      ######....   6%          5    #####..
d - Confuse               Hex            ####....     4%          3    None

Your spell library contained the following spells:

 Spells                   Type           Power        Failure   Level  Hunger
 Apportation              Tloc           #.....       4%          1    None
 Conjure Flame            Conj/Fire      ######..     1%          3    None
 Summon Small Mammal      Summ           #...         4%          1    None
 Animate Skeleton         Necr           N/A          4%          1    None
 Sticky Flame             Conj/Fire      ######..     2%          4    ##.....
 Confusing Touch          Hex            ####..       1%          1    None
 Metabolic Englaciation   Hex/Ice        ###.......   58%         5    #####..
 Petrify                  Tmut/Erth      #.......     45%         4    ##.....
 Inner Flame              Hex/Fire       #####...     1%          3    None
 Gell's Gravitas          Tloc           #.........   16%         3    None
 Yara's Violent Unravell  Hex/Tmut       ###.......   58%         5    #####..


Dungeon Overview and Level Annotations

Branches:
Dungeon (11/15)            Temple (1/1) D:5            Lair (2/6) D:9
 Spider (0/4) Lair:2          Orc (0/2) D:9
  Swamp: Lair:2-4    Shoals: Lair:2-4

Altars:
Ashenzari
Cheibriados
Elyvilon
Fedhas
Kikubaaqudgha
Makhleb
Okawaru
Qazlal
Ru
Sif Muna
Trog
Wu Jian
Zin
Beogh

Shops:
D:8 (   D:10 :

Annotations:
D:11 Erica
Lair:2 Fannar


Innate Abilities, Weirdness & Mutations

Shadows flee at your approach. (+LOS)
You can swim through water.
You cover ground slowly.
You can hop short distances.


Message History

The komodo dragon seems to slow down.
You freeze the komodo dragon.
The komodo dragon is lightly wounded.
You barely miss the komodo dragon.
The komodo dragon is lightly wounded.
The komodo dragon is no longer moving slowly.
The komodo dragon bites you. The komodo dragon bites you!
You hit the komodo dragon. You freeze the komodo dragon.
The komodo dragon is heavily wounded.
The komodo dragon bites you!
The komodo dragon is no longer moving slowly.
You block the komodo dragon's attack. The komodo dragon bites you!
The komodo dragon bites you. The komodo dragon bites you!!
* * * LOW HITPOINT WARNING * * *
Casting: Flame Tongue (safe; 1% risk of failure)
Confirm with . or Enter, or press ? or * to list all spells.
Aiming: Confuse (safe; 4% risk of failure)
Press: ? - help, Shift-Dir - straight line, f/p - komodo dragon
Aim: a komodo dragon (heavily wounded, chance to defeat MR: 39%)
The komodo dragon appears confused.
The komodo dragon bites you!!
You die...

# #...######...
#.#.######...... ##
#...# ##..##..## #.....#
.# #...P# ##...##
#...... ## #....##
####.## #.....#
#.#.....###P##.##
#P.....#
###.............#
........#.
............##
#.P##..####
.........P>#.####.##P.##
#...###l@###.##.##..#
#.####..l......##.. #
#P...l....#####..
#...####...##
#.....#..##...####.#
###..##.. #........#
##...##.##..#P.####
#P.........#####
#.......####


You could see 3 komodo dragons.

Vanquished Creatures
  Harold (Lair:1)
  3 two-headed ogres
  4 spiny frogs
  A troll (D:10)
  A hornet (D:9)
  Prince Ribbit (D:7)
  3 hippogriffs (Lair:1)
  9 yaks
  2 basilisks
  A hungry ghost (D:9)
  4 porcupines
  A water moccasin (Lair:2)
  2 sky beasts (D:7)
  An orc warrior (D:9)
  3 ice beasts
  A phantom (D:10)
  4 ogres
  3 crocodiles
  4 centaurs
  A big kobold (D:7)
  5 bullfrogs
  4 scorpions
  A wyvern skeleton (D:7)
  9 wights
  An electric eel (D:10)
  3 howler monkeys (D:5)
  3 crimson imps
  2 centaur zombies
  3 bullfrog zombies (D:9)
  3 hounds
  7 orc priests
  A centaur skeleton (D:9)
  5 jellies (D:9)
  Crazy Yiuf (D:7)
  5 orc wizards
  2 bullfrog skeletons
  Ijyb (D:1)
  7 iguanas
  7 worker ants
  A hound zombie (D:9)
  13 adders
  6 oozes
  4 worms
  2 dart slugs
  7 leopard geckos
  54 orcs
  8 bats
  6 giant cockroaches
  8 hobgoblins
  5 jackals
  14 kobolds
  4 quokkas
  A ball python (D:2)
  15 frilled lizards
  8 goblins
  A leopard gecko skeleton (D:8)
  5 rats
  A plant (D:10)
283 creatures vanquished.

Notes
Turn   | Place    | Note
-------+----------+-------------------------------------------
     0 | D:1      | zishaf the Barachi Fire Elementalist began the quest for the Orb.
     0 | D:1      | Reached XP level 1. HP: 13/13 MP: 3/3
   422 | D:1      | Reached XP level 2. HP: 19/19 MP: 0/5
   479 | D:1      | Learned a level 2 spell: Throw Flame
  1325 | D:2      | Reached XP level 3. HP: 23/24 MP: 0/6
  1426 | D:2      | Found a faded altar of an unknown god.
  1950 | D:2      | Found a blossoming altar of Fedhas.
  1971 | D:2      | Reached XP level 4. HP: 30/30 MP: 4/8
  2334 | D:2      | Noticed Ijyb
  2385 | D:1      | Killed Ijyb
  2765 | D:3      | Noticed a bullfrog
  2776 | D:3      | Killed a bullfrog
  2776 | D:3      | Reached XP level 5. HP: 24/35 MP: 6/10
  2957 | D:3      | Found a white marble altar of Elyvilon.
  3473 | D:3      | Reached XP level 6. HP: 41/41 MP: 2/11
  4254 | D:4      | Reached skill level 1 in Long Blades
  4310 | D:4      | Got a ripped robe
  4321 | D:4      | Identified the cursed +1 robe of Kleptomania {*Slow rElec rC+ MR+++} (You found it on level 4 of the Dungeon)
  4663 | D:4      | Reached skill level 5 in Fire Magic
  4663 | D:4      | Reached XP level 7. HP: 46/46 MP: 13/13
  5083 | D:5      | Entered Level 5 of the Dungeon
  5286 | D:5      | Found a stormy altar of Qazlal.
  5528 | D:5      | Reached XP level 8. HP: 48/52 MP: 3/14
  5614 | D:5      | Found a staircase to the Ecumenical Temple.
  5884 | Temple   | Entered the Ecumenical Temple
  5899 | Temple   | Became a worshipper of Cheibriados the Contemplative
  6030 | D:6      | Reached skill level 5 in Long Blades
  6225 | D:5      | Reached skill level 1 in Fighting
  6332 | D:6      | Reached skill level 1 in Evocations
  6396 | D:6      | Reached skill level 5 in Conjurations
  6888 | D:7      | Learned a level 5 spell: Fireball
  7061 | D:7      | Reached * piety under Cheibriados
  7225 | D:7      | Got a pair of pitted boots
  7231 | D:7      | Identified the +0 pair of boots "Fyitz" {rElec MR- Regen+ SInv} (You found it on level 7 of the Dungeon)
  7237 | D:7      | Found a runed door.
  7241 | D:7      | Noticed Crazy Yiuf
  7246 | D:7      | Killed Crazy Yiuf
  7311 | D:7      | Reached XP level 9. HP: 62/64 MP: 0/15
  7488 | D:7      | Reached skill level 1 in Invocations
  8013 | D:7      | Noticed Prince Ribbit
  8019 | D:7      | Killed Prince Ribbit
  8019 | D:7      | Reached skill level 5 in Evocations
  8252 | D:8      | Reached skill level 1 in Shields
  8273 | D:8      | Reached ** piety under Cheibriados
  8316 | D:8      | Found Heuh's Weapon Shop.
  8988 | D:8      | Reached skill level 5 in Fighting
  9640 | D:9      | Reached *** piety under Cheibriados
  9726 | D:9      | Found a roughly hewn altar of Beogh.
  9726 | D:9      | Found a staircase to the Orcish Mines.
  9736 | D:9      | Noticed a two-headed ogre
  9746 | D:9      | Killed a two-headed ogre
  9746 | D:9      | Reached XP level 10. HP: 67/76 MP: 4/16
  9968 | D:9      | Reached **** piety under Cheibriados
 10240 | D:9      | Paralysed by a hornet for 2 turns
 10246 | D:9      | Paralysed by a hornet for 3 turns
 10347 | D:9      | Learned a level 3 spell: Confuse
 10382 | D:9      | Found a staircase to the Lair.
 10643 | D:9      | Noticed a two-headed ogre
 10659 | D:9      | Killed a two-headed ogre
 10659 | D:9      | Reached skill level 1 in Hexes
 10803 | D:9      | Found an ornate altar of the Wu Jian Council.
 10803 | D:9      | Found a bloodstained altar of Trog.
 10880 | D:10     | Entered Level 10 of the Dungeon
 10973 | D:10     | Noticed a two-headed ogre
 10982 | D:10     | Killed a two-headed ogre
 11133 | D:10     | Found Cuaseon's Book Shoppe.
 11169 | D:10     | Reached ***** piety under Cheibriados
 11354 | D:10     | Reached XP level 11. HP: 85/85 MP: 10/17
 11450 | D:10     | Got a brightly glowing ring mail
 11848 | D:11     | Noticed Erica
 11907 | Lair:1   | Entered Level 1 of the Lair of Beasts
 11910 | Lair:1   | Reached skill level 5 in Spellcasting
 12328 | Lair:1   | Noticed Harold
 12342 | Lair:1   | Killed Harold
 12638 | Lair:2   | Noticed Fannar
 12820 | Lair:2   | Got an ebony hand crossbow
 12832 | Lair:2   | Found a hole to the Spider Nest.
 12862 | Lair:2   | Identified the cursed +1 hand crossbow of Deepaafo {penet, Int+4} (You found it on level 2 of the Lair of Beasts)
 12931 | Lair:2   | Got a translucent dagger
 12932 | Lair:2   | Identified the +10 dagger "Kucamix" {antimagic, rC+} (You found it on level 2 of the Lair of Beasts)
 13170 | Lair:2   | Mangled by a komodo dragon

Vault maps used:
D:1:      nicolae_arrival_somewhat_less_tricky_arrival, minmay_lizard_king
D:2:      kennysheep_the_goblin_king, lemuel_crystal_altar,
          chequers_ecumenical_altar_simple, first_ration, minmay_nonomino_d4
D:3:      lemuel_crystal_altar, grunt_decor_cap, minmay_misc_feat_doors,
          minmay_divided_ellipse
D:5:      minmay_temple_entry_statues, basic_altar
D:7:      uniq_crazy_yiuf_cottage, uniq_prince_ribbit1
D:8:      serial_shops, shop, serial_curves, eino_curves_03, eino_curves_03
D:9:      minitemple, lair_entry_dummy, david_orc_5,
          hangedman_little_slice_of_home
D:10:     serial_shops, nicolae_shop_temple_entry_statues_fountains,
          serial_bayou_lagoon_a, minivault_22
D:11:     minmay_the_grid_triangle_9x9_line_8_mashed,
          hangedman_abyss_or_decor_lesser_grid, uniq_erica, uniq_maurice
Temple:   compressed_dpeg_circular_temple
Lair:1:   uniq_harold
Lair:2:   spider_nest_entry_web_field, grunt_forest_stairs_basic,
          beast_lair_carwin_3, uniq_fannar

Skill      XL: |  1  2  3  4  5  6  7  8  9 10 11 |
---------------+----------------------------------+-----
Conjurations   | 2 3 4 5 7 |  7.0
Dodging        | 3 4 |  4.0
Spellcasting   | 3 4 6 |  6.5
Fire Magic     | 4 5 6 8 |  8.3
Long Blades    | 2 4 7 |  7.0
Fighting       | 3 6 7 8 |  8.8
Evocations     | 3 6 7 |  7.0
Invocations    | 3 4 |  4.4
Shields        | 4 |  4.8
Hexes          | 3 |  3.0
Stealth        | 3 |  3.8

Action                   |  1- 3 |  4- 6 |  7- 9 | 10-12 || total
-------------------------+-------+-------+-------+-------++-------
Melee: Unarmed           |     6 |       |       |       ||     6
       Mace              |     6 |       |       |       ||     6
       Spear             |     7 |       |       |       ||     7
       Whip              |       |     4 |       |       ||     4
       Long sword        |       |    10 |   101 |   125 ||   236
 Cast: Flame Tongue      |    71 |   106 |   213 |   135 ||   525
       Throw Flame       |     2 |    21 |    55 |    36 ||   114
       Fireball          |       |       |       |     7 ||     7
       Confuse           |       |       |       |     1 ||     1
Invok: Slouch            |       |       |       |     1 ||     1
 Abil: Hop               |       |     2 |     5 |     3 ||    10
  Use: Scroll            |       |     3 |     9 |     1 ||    13
       Potion            |       |       |     1 |     1 ||     2
 Stab: Sleeping          |     1 |       |     2 |     1 ||     4
  Eat: Chunk             |     5 |    10 |    13 |     9 ||    37
Armor: Robe              |    20 |    26 |    40 |    34 ||   120
Dodge: Dodged            |    45 |    51 |   108 |    99 ||   303
Block: Buckler           |       |       |    22 |    59 ||    81
       Rpst.: Long sword |       |     8 |    25 |    27 ||    60

Table legend:
 A = Spawn XP
 B = Non-spawn XP
 C = Spawn XP percentage of total XP
 D = Spawn monster count
 E = Non-spawn monster count
 F = Spawn count percentage of total count
 G = Total turns spent on level
                    A         B        C        D         E        F      G
               +---------+---------+-------+---------+---------+-------+---------
         Total |       0 |   16177 |   0.0 |       0 |     282 |   0.0 | 13170
               +---------+---------+-------+---------+---------+-------+---------
           D:1 |       0 |      62 |   0.0 |       0 |      19 |   0.0 |  1430
           D:2 |       0 |      87 |   0.0 |       0 |      30 |   0.0 |  1304
           D:3 |       0 |     296 |   0.0 |       0 |      39 |   0.0 |  1336
           D:4 |       0 |     227 |   0.0 |       0 |      14 |   0.0 |  1013
           D:5 |       0 |     610 |   0.0 |       0 |      18 |   0.0 |   995
           D:6 |       0 |     512 |   0.0 |       0 |      13 |   0.0 |   675
           D:7 |       0 |    1452 |   0.0 |       0 |      36 |   0.0 |  1443
           D:8 |       0 |     652 |   0.0 |       0 |      14 |   0.0 |  1243
           D:9 |       0 |    3846 |   0.0 |       0 |      61 |   0.0 |  1427
          D:10 |       0 |    3004 |   0.0 |       0 |      16 |   0.0 |  1011
        Lair:1 |       0 |    3589 |   0.0 |       0 |      12 |   0.0 |   764
        Lair:2 |       0 |    1840 |   0.0 |       0 |      10 |   0.0 |   499
               +---------+---------+-------+---------+---------+-------+---------
